Pick #1

Connor Bedard
Pick #2

Leo Carlsson
Pick #3

Adam Fantilli
Pick #4

Matvei Michkov
Pick #5

David Reinbacher
Pick #6

William Smith
Pick #7

Zachary Benson
Pick #8

Ryan Leonard
Pick #9

Gabriel Perreault
Pick #10

Axel Sandin-Pellika
Pick #11

Daniil But
Pick #12

Dalibor Dvorsky
Pick #13

Quentin Musty
Pick #14

Brayden Yager
Pick #15

Dmitry Simashev
Pick #16

Colby Barlow
Pick #17

Andrew Cristall
Pick #18

Easton Cowan
Pick #19

Jacob Fowler
Pick #20

Oliver Moore
Pick #21

Oliver Bonk
Pick #22

Tom Willander
Pick #23

Calum Ritchie
Pick #24

Tanner Molendyk
Pick #25

Gavin Brindley
Pick #26

Nate Danielson
Pick #27

Pick #28

Pick #29

Pick #30

Pick #31

Pick #32

Pick #33

Pick #34

Pick #35

Pick #36

Pick #37

Pick #38

Pick #39

Pick #40

Pick #41

Pick #42

Pick #43

Pick #44

Pick #45

Pick #46

Pick #47

Pick #48

Pick #49

Pick #50

Pick #51

Pick #52

Pick #53

Pick #54

Pick #55

Pick #56

Pick #57

Pick #58

Pick #59

Pick #60

Pick #61

Pick #62

Pick #63

Pick #64

Pick #65

Pick #66

Pick #67

Pick #68

Pick #69

Pick #70

Pick #71

Pick #72

Pick #73

Pick #74

Pick #75

Pick #76

Pick #77

Pick #78

Pick #79

Pick #80

Pick #81

Pick #82

Pick #83

Pick #84

Pick #85

Pick #86

Pick #87

Pick #88

Pick #89

Pick #90

Pick #91

Pick #92

Pick #93

Pick #94

Pick #95

Pick #96

Pick #97

Pick #98

Pick #99

Pick #100

Pick #101

Pick #102

Pick #103

Pick #104

Pick #105

Pick #106

Pick #107

Pick #108

Pick #109

Pick #110

Pick #111

Pick #112

Pick #113

Pick #114

Pick #115

Pick #116

Pick #117

Pick #118

Pick #119

Pick #120

Pick #121

Pick #122

Pick #123

Pick #124

Pick #125

Pick #126

Pick #127

Pick #128

Pick #129

Pick #130

Full Scoreboard »»

Lightning vs Bruins

Created - April 4, 2024 at 10:20

Goals
1 2 3 T
Lightning 0 0 0 0
Bruins 1 2 2 5
Shots
1 2 3 T
Lightning 6 3 4 13
Bruins 18 9 7 34

GoalsPenalties
1st period
1. Bruins , Brady Skjei 9 (Bryan Rust 35, Charlie Coyle 21) at 0:44
Mark Giordano (BOS) for Fighting (Major) at 1:14
Ryan Strome (TBL) for Fighting (Major) at 1:14
Brock Nelson (TBL) for Tripping (Minor) at 2:19
Brock Nelson (TBL) for Hooking (Minor) at 6:27
Charlie Coyle (BOS) for Cross-checking (Minor) at 10:01
Patrice Bergeron (TBL) for Hooking (Minor) at 16:54
2nd period
2. Bruins , Trevor Zegras 23 (Tom Wilson 32, Brett Pesce 32) at 0:19
3. Bruins , Trevor Zegras 24 (Bryan Rust 36, Cam Fowler 45) at 3:45 (PP)
Andrew Peeke (TBL) for Hooking (Minor) at 2:31
3rd period
4. Bruins , Brandon Saad 18 (Tom Wilson 33) at 9:37
5. Bruins , Bryan Rust 31 (Trevor Zegras 41, Brady Skjei 33) at 19:47 (PP)
Nicolas Roy (BOS) for Holding (Minor) at 4:21
Ben Chiarot (TBL) for Tripping (Minor) at 19:11
Goalie Stats
Jacob Markstrom (TBL), 29 saves from 34 shots - (0.853), L, 37-22-9, 60:00 minutes
Jake Oettinger (BOS), 13 saves from 13 shots - (1.000), W, 32-15-10, 60:00 minutes
3 StarsOfficial
1 - Trevor Zegras (BOS)
2 - Bryan Rust (BOS)
3 - Brady Skjei (BOS)
Referees : Tom Chmielewski and Brian Pochmara
Linesman : Ryan Daisy and Brent Colby
Game Note
Mark Giordano and Ryan Strome fight to a draw at 1:14 of 1st period
Finance
Level 1 -- Attendance: 6000 (100.00%) -- Ticket Income $708,000
Level 2 -- Attendance: 4822 (96.44%) -- Ticket Income $361,650
Level 3 -- Attendance: 3194 (91.26%) -- Ticket Income $153,312
Level 4 -- Attendance: 2822 (88.74%) -- Ticket Income $84,660
Luxury Box -- Attendance: 1000 (100.00%) -- Ticket Income $211,000
Game was played at the TD Garden.
Total Attendance: 17838 (95.49%)
Total Ticket Income: $1,518,622
Other Income: $379,656
Total Income: $1,898,278



Team Name Goals Shots Shots Attemp Shots Blocked PIM HIT PP PK FO%
Lightning 01332515240 / 2 (0%)253%
Bruins 5346259292 / 5 (40%)047%

Lightning
Player Name POS G A P +/- PIM HIT SHT SB MP PP MP PP SHT PK MP PK SHT FO% FOT
Alex KillornLW0000020020:021:5202:30050% 2
Andrew PeekeD0000240015:030:0000:0000% 0
Barclay GoodrowC000000000:000:0000:0000% 0
Ben ChiarotD0000222120:011:4102:5300% 0
Brandon MontourD000-3043124:542:1714:5400% 0
Brock NelsonC0000402020:081:5202:30062% 13
Dawson MercerC000000001:490:0000:0300% 0
Erik HaulaLW0000010015:120:0000:0000% 0
Jeff SkinnerLW000-3001021:192:0601:58060% 5
John KlingbergD000-3010024:542:1704:5400% 0
Kaiden GuhleD0000000015:040:0000:0000% 0
Kevin ShattenkirkD0000000220:021:4102:5300% 0
Patrice BergeronC000-3252123:182:0603:50046% 24
Ryan StromeC0000500013:250:0000:0000% 1
Sam BennettC0000042015:120:0000:00056% 18
Teddy BluegerC000000004:430:0004:43060% 5
Tyler ToffoliRW000-3010019:212:0600:0000% 1
William KarlssonC0000001017:401:5210:000100% 1
Bruins
Player Name POS G A P +/- PIM HIT SHT SB MP PP MP PP SHT PK MP PK SHT FO% FOT
Alex IafalloLW0000002018:510:0001:3800% 0
Andrew MangiapaneLW0001013020:113:5700:130100% 1
Brady SkjeiD1122043021:003:5420:0000% 0
Brandon SaadLW1012008018:513:5020:0000% 0
Brett PesceD0111020017:590:0002:0000% 0
Bryan RustRW1231041019:583:5710:00050% 2
Cam FowlerD0112011120:533:5400:0000% 0
Charlie CoyleC0111211017:140:0001:14053% 19
Dmitry KulikovD0000010119:103:5300:0000% 0
Jamie OleksiakD000000005:450:0002:0000% 0
Mark GiordanoD0000510113:060:0001:5800% 0
Nick PaulLW000002007:510:0001:25080% 5
Nicolas RoyC0000234014:363:5010:00050% 18
T.J. BrodieD0001015122:063:5331:5800% 0
Tom WilsonRW0222061120:023:5011:110100% 2
Trevor ZegrasC2132005019:063:5710:08026% 23
Yegor SharangovichC0000020012:540:0002:0700% 0
Zach PariseLW000000006:260:0000:0000% 0



Play-by-Play

1st period


0:01 of 1st period - Charlie Coyle wins face-off versus Patrice Bergeron in neutral zone.
0:27 of 1st period - Andrew Mangiapane is hit by Brandon Montour and loses puck.
0:41 of 1st period - Bryan Rust is hit by Brandon Montour and loses puck.
0:44 of 1st period - Shot by Brady Skjei.
0:44 of 1st period - Goal by Brady Skjei - Lightning : 0 - Bruins : 1.
0:45 of 1st period - Brock Nelson wins face-off versus Trevor Zegras in neutral zone.
1:05 of 1st period - Off-side.
1:06 of 1st period - Nicolas Roy wins face-off versus Sam Bennett in neutral zone.
1:12 of 1st period - Nicolas Roy is hit by Andrew Peeke and loses puck.
1:14 of 1st period - Mark Giordano and Ryan Strome fight to a draw.
1:14 of 1st period - Penalty to Mark Giordano for Fighting.
1:14 of 1st period - Penalty to Ryan Strome for Fighting.
1:15 of 1st period - Sam Bennett wins face-off versus Nicolas Roy in Lightning zone.
1:21 of 1st period - Icing by Brandon Montour.
1:22 of 1st period - Nick Paul wins face-off versus Sam Bennett in Lightning zone.
2:00 of 1st period - Shot by Sam Bennett.
2:00 of 1st period - Shot Misses the Net.
2:05 of 1st period - Alex Iafallo is hit by Sam Bennett.
2:19 of 1st period - Minor Penalty to Brock Nelson for Tripping.
2:20 of 1st period - Patrice Bergeron wins face-off versus Trevor Zegras in Lightning zone.
2:20 of 1st period - Patrice Bergeron is hit by Bryan Rust.
2:48 of 1st period - Shot by Brady Skjei.
2:48 of 1st period - Shot Misses the Net.
3:12 of 1st period - Off-side.
3:13 of 1st period - Nicolas Roy wins face-off versus Patrice Bergeron in neutral zone.
3:16 of 1st period - Ben Chiarot is hit by Tom Wilson and loses puck.
3:25 of 1st period - Shot by Tom Wilson.
3:25 of 1st period - Stopped by Jacob Markstrom without a rebound.
3:26 of 1st period - Jeff Skinner wins face-off versus Nicolas Roy in Lightning zone.
3:53 of 1st period - Shot by T.J. Brodie.
3:53 of 1st period - Stopped by Jacob Markstrom with a rebound.
4:29 of 1st period - Shot by Kaiden Guhle.
4:29 of 1st period - Shot Misses the Net.
5:25 of 1st period - Shot by Brock Nelson.
5:25 of 1st period - Stopped by Jake Oettinger without a rebound.
5:26 of 1st period - Patrice Bergeron wins face-off versus Trevor Zegras in Bruins zone.
5:41 of 1st period - Shot by Trevor Zegras.
5:41 of 1st period - Stopped by Jacob Markstrom without a rebound.
5:42 of 1st period - Brock Nelson wins face-off versus Charlie Coyle in Lightning zone.
6:00 of 1st period - Alex Killorn is hit by Brett Pesce and loses puck.
6:27 of 1st period - Minor Penalty to Brock Nelson for Hooking.
6:28 of 1st period - Nicolas Roy wins face-off versus Patrice Bergeron in Lightning zone.
6:35 of 1st period - Shot by Brandon Saad.
6:35 of 1st period - Stopped by Jacob Markstrom without a rebound.
6:36 of 1st period - Nicolas Roy wins face-off versus Teddy Blueger in Lightning zone.
6:36 of 1st period - Nicolas Roy is hit by Brandon Montour.
6:44 of 1st period - Shot by Brady Skjei.
6:44 of 1st period - Stopped by Jacob Markstrom with a rebound.
6:46 of 1st period - Shot by Nicolas Roy.
6:46 of 1st period - Stopped by Jacob Markstrom without a rebound.
6:47 of 1st period - Nicolas Roy wins face-off versus Patrice Bergeron in Lightning zone.
7:09 of 1st period - Shot by Brandon Montour.
7:09 of 1st period - Shot Blocked by Cam Fowler.
7:21 of 1st period - Shot by Nicolas Roy.
7:21 of 1st period - Shot Misses the Net.
7:23 of 1st period - Shot by Brady Skjei.
7:23 of 1st period - Shot Blocked by Brandon Montour.
7:25 of 1st period - Shot by Brady Skjei.
7:25 of 1st period - Stopped by Jacob Markstrom without a rebound.
7:26 of 1st period - Jeff Skinner wins face-off versus Trevor Zegras in Lightning zone.
7:53 of 1st period - Shot by T.J. Brodie.
7:53 of 1st period - Shot Blocked by Patrice Bergeron.
8:04 of 1st period - Trevor Zegras is hit by Patrice Bergeron and loses puck.
8:15 of 1st period - Alex Killorn is hit by Bryan Rust and loses puck.
8:52 of 1st period - Erik Haula is hit by Yegor Sharangovich and loses puck.
8:59 of 1st period - Sam Bennett is hit by Yegor Sharangovich and loses puck.
9:27 of 1st period - Erik Haula is hit by Brady Skjei and loses puck.
9:51 of 1st period - Icing by William Karlsson.
9:52 of 1st period - Alex Killorn wins face-off versus Trevor Zegras in Lightning zone.
9:56 of 1st period - Off-side.
9:57 of 1st period - Patrice Bergeron wins face-off versus Charlie Coyle in neutral zone.
10:01 of 1st period - Minor Penalty to Charlie Coyle for Cross-checking.
10:02 of 1st period - Tom Wilson wins face-off versus Jeff Skinner in Bruins zone.
10:02 of 1st period - Tom Wilson is hit by Patrice Bergeron.
11:23 of 1st period - Shot by William Karlsson.
11:23 of 1st period - Stopped by Jake Oettinger without a rebound.
11:24 of 1st period - Brock Nelson wins face-off versus Nick Paul in Bruins zone.
11:33 of 1st period - Shot by John Klingberg.
11:33 of 1st period - Shot Misses the Net.
11:47 of 1st period - Shot by Brandon Montour.
11:47 of 1st period - Stopped by Jake Oettinger without a rebound.
11:48 of 1st period - Tom Wilson wins face-off versus Patrice Bergeron in Bruins zone.
11:48 of 1st period - Tom Wilson is hit by Tyler Toffoli.
12:15 of 1st period - Icing by Kaiden Guhle.
12:16 of 1st period - Trevor Zegras wins face-off versus Sam Bennett in Lightning zone.
12:18 of 1st period - Brandon Saad is hit by Andrew Peeke and loses puck.
12:33 of 1st period - Shot by Brandon Saad.
12:33 of 1st period - Stopped by Jacob Markstrom with a rebound.
12:43 of 1st period - Shot by Tom Wilson.
12:43 of 1st period - Shot Misses the Net.
12:49 of 1st period - Shot by Trevor Zegras.
12:49 of 1st period - Stopped by Jacob Markstrom without a rebound.
12:50 of 1st period - Charlie Coyle wins face-off versus Patrice Bergeron in Lightning zone.
12:50 of 1st period - Charlie Coyle is hit by Brandon Montour.
12:52 of 1st period - Shot by Andrew Mangiapane.
12:52 of 1st period - Stopped by Jacob Markstrom without a rebound.
12:53 of 1st period - Charlie Coyle wins face-off versus Patrice Bergeron in Lightning zone.
13:08 of 1st period - Shot by Andrew Mangiapane.
13:08 of 1st period - Stopped by Jacob Markstrom without a rebound.
13:09 of 1st period - Nicolas Roy wins face-off versus Brock Nelson in Lightning zone.
14:29 of 1st period - Shot by Patrice Bergeron.
14:29 of 1st period - Stopped by Jake Oettinger without a rebound.
14:30 of 1st period - Sam Bennett wins face-off versus Charlie Coyle in Bruins zone.
15:19 of 1st period - Bryan Rust is hit by Sam Bennett and loses puck.
15:56 of 1st period - Shot by Trevor Zegras.
15:56 of 1st period - Shot Misses the Net.
15:58 of 1st period - Shot by T.J. Brodie.
15:58 of 1st period - Stopped by Jacob Markstrom without a rebound.
15:59 of 1st period - Brock Nelson wins face-off versus Nicolas Roy in Lightning zone.
15:59 of 1st period - Brock Nelson is hit by Nicolas Roy.
16:31 of 1st period - Shot by Nicolas Roy.
16:31 of 1st period - Stopped by Jacob Markstrom with a rebound.
16:33 of 1st period - Shot by Alex Iafallo.
16:33 of 1st period - Stopped by Jacob Markstrom without a rebound.
16:34 of 1st period - Patrice Bergeron wins face-off versus Trevor Zegras in Lightning zone.
16:43 of 1st period - Shot by Jeff Skinner.
16:43 of 1st period - Shot Misses the Net.
16:45 of 1st period - Shot by Patrice Bergeron.
16:45 of 1st period - Stopped by Jake Oettinger without a rebound.
16:46 of 1st period - Jeff Skinner wins face-off versus Charlie Coyle in Bruins zone.
16:52 of 1st period - Patrice Bergeron is hit by Brady Skjei and loses puck.
16:54 of 1st period - Minor Penalty to Patrice Bergeron for Hooking.
16:55 of 1st period - Bryan Rust wins face-off versus Teddy Blueger in Lightning zone.
17:37 of 1st period - Shot by Trevor Zegras.
17:37 of 1st period - Shot Misses the Net.
18:04 of 1st period - Icing by Nicolas Roy.
18:05 of 1st period - Nicolas Roy wins face-off versus Jeff Skinner in Bruins zone.
18:14 of 1st period - Shot by T.J. Brodie.
18:14 of 1st period - Stopped by Jacob Markstrom with a rebound.
18:16 of 1st period - Shot by T.J. Brodie.
18:16 of 1st period - Stopped by Jacob Markstrom without a rebound.
18:17 of 1st period - Teddy Blueger wins face-off versus Nicolas Roy in Lightning zone.
18:38 of 1st period - Shot by T.J. Brodie.
18:38 of 1st period - Shot Misses the Net.
18:40 of 1st period - Shot by T.J. Brodie.
18:40 of 1st period - Shot Blocked by Ben Chiarot.
18:42 of 1st period - Shot by Brandon Saad.
18:42 of 1st period - Stopped by Jacob Markstrom without a rebound.
18:43 of 1st period - Teddy Blueger wins face-off versus Trevor Zegras in Lightning zone.
18:56 of 1st period - Patrice Bergeron is hit by Nick Paul and loses puck.
19:05 of 1st period - Shot by Jeff Skinner.
19:05 of 1st period - Stopped by Jake Oettinger with a rebound.
19:52 of 1st period - Icing by Ben Chiarot.
19:53 of 1st period - Sam Bennett wins face-off versus Trevor Zegras in Lightning zone.
Goals for this period are 0 for Lightning vs 1 for Bruins.
Shots for this period are 6 for Lightning vs 18 for Bruins.

2nd period


0:01 of 2nd period - Trevor Zegras wins face-off versus Patrice Bergeron in neutral zone.
0:19 of 2nd period - Shot by Trevor Zegras.
0:19 of 2nd period - Goal by Trevor Zegras - Lightning : 0 - Bruins : 2.
0:20 of 2nd period - Brock Nelson wins face-off versus Charlie Coyle in neutral zone.
0:23 of 2nd period - Shot by Ben Chiarot.
0:23 of 2nd period - Stopped by Jake Oettinger without a rebound.
0:24 of 2nd period - Patrice Bergeron wins face-off versus Trevor Zegras in Bruins zone.
0:30 of 2nd period - T.J. Brodie is hit by John Klingberg and loses puck.
1:47 of 2nd period - Alex Killorn is hit by Bryan Rust.
1:53 of 2nd period - Andrew Mangiapane is hit by Ben Chiarot and loses puck.
2:31 of 2nd period - Minor Penalty to Andrew Peeke for Hooking.
2:32 of 2nd period - Patrice Bergeron wins face-off versus Nicolas Roy in Lightning zone.
2:32 of 2nd period - Patrice Bergeron is hit by Tom Wilson.
2:42 of 2nd period - Tom Wilson is hit by Patrice Bergeron and loses puck.
3:45 of 2nd period - Shot by Bryan Rust.
3:45 of 2nd period - Deflect By Trevor Zegras.
3:45 of 2nd period - Goal by Trevor Zegras - Lightning : 0 - Bruins : 3.
3:46 of 2nd period - Nick Paul wins face-off versus Sam Bennett in neutral zone.
3:51 of 2nd period - Erik Haula is hit by Nick Paul and loses puck.
4:06 of 2nd period - Shot by Ryan Strome.
4:06 of 2nd period - Shot Misses the Net.
5:08 of 2nd period - Shot by Patrice Bergeron.
5:08 of 2nd period - Shot Misses the Net.
5:10 of 2nd period - Shot by Patrice Bergeron.
5:10 of 2nd period - Shot Misses the Net.
5:12 of 2nd period - Shot by Patrice Bergeron.
5:12 of 2nd period - Deflect By Tyler Toffoli.
5:12 of 2nd period - Shot Blocked by Mark Giordano.
5:21 of 2nd period - Icing by Charlie Coyle.
5:22 of 2nd period - Andrew Mangiapane wins face-off versus Brock Nelson in Bruins zone.
5:33 of 2nd period - Shot by Andrew Mangiapane.
5:33 of 2nd period - Deflect By Charlie Coyle.
5:33 of 2nd period - Stopped by Jacob Markstrom with a rebound.
5:57 of 2nd period - Shot by Brandon Montour.
5:57 of 2nd period - Stopped by Jake Oettinger without a rebound.
5:58 of 2nd period - Sam Bennett wins face-off versus Trevor Zegras in Bruins zone.
5:58 of 2nd period - Kaiden Guhle is hit by Brett Pesce and loses puck.
7:42 of 2nd period - John Klingberg is hit by Brady Skjei and loses puck.
7:47 of 2nd period - Shot by Patrice Bergeron.
7:47 of 2nd period - Shot Misses the Net.
8:25 of 2nd period - Icing by Mark Giordano.
8:26 of 2nd period - Brock Nelson wins face-off versus Charlie Coyle in Bruins zone.
8:55 of 2nd period - Shot by Brock Nelson.
8:55 of 2nd period - Shot Misses the Net.
9:04 of 2nd period - Icing by Dmitry Kulikov.
9:05 of 2nd period - Patrice Bergeron wins face-off versus Charlie Coyle in Bruins zone.
10:02 of 2nd period - Kaiden Guhle is hit by Tom Wilson.
10:25 of 2nd period - Brett Pesce is hit by Sam Bennett and loses puck.
10:48 of 2nd period - Nicolas Roy is hit by Erik Haula and loses puck.
10:55 of 2nd period - Shot by Nicolas Roy.
10:55 of 2nd period - Stopped by Jacob Markstrom without a rebound.
10:56 of 2nd period - Nick Paul wins face-off versus Brock Nelson in Lightning zone.
11:57 of 2nd period - Shot by Andrew Mangiapane.
11:57 of 2nd period - Deflect By Bryan Rust.
11:57 of 2nd period - Shot Blocked by Kevin Shattenkirk.
12:10 of 2nd period - Off-side.
12:11 of 2nd period - Sam Bennett wins face-off versus Trevor Zegras in neutral zone.
12:27 of 2nd period - Shot by Erik Haula.
12:27 of 2nd period - Shot Blocked by T.J. Brodie.
12:45 of 2nd period - Shot by Sam Bennett.
12:45 of 2nd period - Shot Misses the Net.
12:51 of 2nd period - Erik Haula is hit by Tom Wilson and loses puck.
13:35 of 2nd period - Patrice Bergeron is hit by Dmitry Kulikov and loses puck.
13:49 of 2nd period - Tyler Toffoli is hit by Mark Giordano.
14:11 of 2nd period - Patrice Bergeron is hit by Bryan Rust and loses puck.
14:26 of 2nd period - Ben Chiarot is hit by Andrew Mangiapane.
15:03 of 2nd period - Shot by Nicolas Roy.
15:03 of 2nd period - Shot Misses the Net.
15:39 of 2nd period - Shot by Tom Wilson.
15:39 of 2nd period - Deflect By Brandon Saad.
15:39 of 2nd period - Stopped by Jacob Markstrom with a rebound.
16:06 of 2nd period - Shot by Trevor Zegras.
16:06 of 2nd period - Stopped by Jacob Markstrom with a rebound.
16:08 of 2nd period - Shot by Brandon Saad.
16:08 of 2nd period - Stopped by Jacob Markstrom with a rebound.
16:10 of 2nd period - Shot by Brandon Saad.
16:10 of 2nd period - Shot Misses the Net.
16:45 of 2nd period - Tyler Toffoli is hit by Cam Fowler and loses puck.
17:07 of 2nd period - Icing by John Klingberg.
17:08 of 2nd period - Charlie Coyle wins face-off versus Patrice Bergeron in Lightning zone.
18:50 of 2nd period - Shot by Brandon Saad.
18:50 of 2nd period - Stopped by Jacob Markstrom without a rebound.
18:51 of 2nd period - Sam Bennett wins face-off versus Nicolas Roy in Lightning zone.
18:51 of 2nd period - Sam Bennett is hit by Nicolas Roy.
19:12 of 2nd period - Alex Iafallo is hit by Andrew Peeke and loses puck.
19:19 of 2nd period - Shot by Nicolas Roy.
19:19 of 2nd period - Stopped by Jacob Markstrom without a rebound.
19:20 of 2nd period - Trevor Zegras wins face-off versus Brock Nelson in Lightning zone.
19:20 of 2nd period - Brandon Saad is hit by Ben Chiarot and loses puck.
19:32 of 2nd period - Shot by Ben Chiarot.
19:32 of 2nd period - Stopped by Jake Oettinger without a rebound.
19:33 of 2nd period - Patrice Bergeron wins face-off versus Trevor Zegras in Bruins zone.
Goals for this period are 0 for Lightning vs 2 for Bruins.
Shots for this period are 3 for Lightning vs 9 for Bruins.

3rd period


0:01 of 3rd period - Trevor Zegras wins face-off versus Patrice Bergeron in neutral zone.
0:08 of 3rd period - Shot by Brandon Saad.
0:08 of 3rd period - Stopped by Jacob Markstrom without a rebound.
0:09 of 3rd period - Patrice Bergeron wins face-off versus Trevor Zegras in Lightning zone.
0:26 of 3rd period - Shot by Tom Wilson.
0:26 of 3rd period - Shot Misses the Net.
0:28 of 3rd period - Shot by T.J. Brodie.
0:28 of 3rd period - Stopped by Jacob Markstrom with a rebound.
0:30 of 3rd period - Shot by Brett Pesce.
0:30 of 3rd period - Shot Misses the Net.
0:32 of 3rd period - Shot by Tom Wilson.
0:32 of 3rd period - Shot Misses the Net.
0:47 of 3rd period - Shot by Trevor Zegras.
0:47 of 3rd period - Shot Misses the Net.
0:59 of 3rd period - John Klingberg is hit by Tom Wilson and loses puck.
1:09 of 3rd period - John Klingberg is hit by Brady Skjei and loses puck.
2:07 of 3rd period - Shot by Nicolas Roy.
2:07 of 3rd period - Shot Misses the Net.
2:23 of 3rd period - Alex Killorn is hit by Nicolas Roy and loses puck.
2:36 of 3rd period - Shot by Alex Iafallo.
2:36 of 3rd period - Shot Misses the Net.
2:38 of 3rd period - Shot by Mark Giordano.
2:38 of 3rd period - Shot Blocked by Kevin Shattenkirk.
2:40 of 3rd period - Shot by Nicolas Roy.
2:40 of 3rd period - Shot Misses the Net.
3:14 of 3rd period - Shot by Tom Wilson.
3:14 of 3rd period - Shot Hit the Post.
3:35 of 3rd period - Icing by Kaiden Guhle.
3:36 of 3rd period - Sam Bennett wins face-off versus Bryan Rust in Lightning zone.
3:38 of 3rd period - Icing by Andrew Peeke.
3:39 of 3rd period - Charlie Coyle wins face-off versus Sam Bennett in Lightning zone.
3:49 of 3rd period - Shot by Andrew Mangiapane.
3:49 of 3rd period - Stopped by Jacob Markstrom with a rebound.
3:53 of 3rd period - Shot by Charlie Coyle.
3:53 of 3rd period - Shot Misses the Net.
3:55 of 3rd period - Shot by Cam Fowler.
3:55 of 3rd period - Stopped by Jacob Markstrom without a rebound.
3:56 of 3rd period - Nicolas Roy wins face-off versus Patrice Bergeron in Lightning zone.
4:21 of 3rd period - Minor Penalty to Nicolas Roy for Holding.
4:22 of 3rd period - Charlie Coyle wins face-off versus Brock Nelson in Bruins zone.
5:12 of 3rd period - Alex Iafallo is hit by Alex Killorn and loses puck.
5:30 of 3rd period - Icing by Brandon Montour.
5:31 of 3rd period - Charlie Coyle wins face-off versus Patrice Bergeron in Lightning zone.
6:59 of 3rd period - Shot by Erik Haula.
6:59 of 3rd period - Shot Blocked by Tom Wilson.
7:01 of 3rd period - Shot by Sam Bennett.
7:01 of 3rd period - Shot Misses the Net.
7:34 of 3rd period - Icing by Kevin Shattenkirk.
7:35 of 3rd period - Charlie Coyle wins face-off versus Alex Killorn in Lightning zone.
7:44 of 3rd period - Icing by Ben Chiarot.
7:45 of 3rd period - Brock Nelson wins face-off versus Charlie Coyle in Lightning zone.
7:58 of 3rd period - Shot by Alex Killorn.
7:58 of 3rd period - Shot Hit the Post.
8:37 of 3rd period - Icing by Brandon Montour.
8:38 of 3rd period - Nicolas Roy wins face-off versus Tyler Toffoli in Lightning zone.
8:39 of 3rd period - Shot by Yegor Sharangovich.
8:39 of 3rd period - Shot Misses the Net.
8:41 of 3rd period - Shot by Alex Iafallo.
8:41 of 3rd period - Deflect By Yegor Sharangovich.
8:41 of 3rd period - Shot Misses the Net.
8:53 of 3rd period - Shot by Yegor Sharangovich.
8:53 of 3rd period - Shot Misses the Net.
9:15 of 3rd period - Shot by Alex Iafallo.
9:15 of 3rd period - Shot Misses the Net.
9:37 of 3rd period - Shot by Brandon Saad.
9:37 of 3rd period - Goal by Brandon Saad - Lightning : 0 - Bruins : 4.
9:38 of 3rd period - Brock Nelson wins face-off versus Trevor Zegras in neutral zone.
10:33 of 3rd period - Charlie Coyle is hit by Alex Killorn and loses puck.
11:29 of 3rd period - Shot by Alex Iafallo.
11:29 of 3rd period - Stopped by Jacob Markstrom without a rebound.
11:30 of 3rd period - Nick Paul wins face-off versus Patrice Bergeron in Lightning zone.
12:09 of 3rd period - Alex Iafallo is hit by Patrice Bergeron and loses puck.
12:29 of 3rd period - Icing by Andrew Peeke.
12:30 of 3rd period - Charlie Coyle wins face-off versus Ryan Strome in Lightning zone.
12:30 of 3rd period - Charlie Coyle is hit by Andrew Peeke.
12:35 of 3rd period - Icing by Andrew Peeke.
12:36 of 3rd period - Trevor Zegras wins face-off versus Sam Bennett in Lightning zone.
12:45 of 3rd period - Shot by Ryan Strome.
12:45 of 3rd period - Shot Misses the Net.
12:47 of 3rd period - Shot by Sam Bennett.
12:47 of 3rd period - Stopped by Jake Oettinger without a rebound.
12:48 of 3rd period - Sam Bennett wins face-off versus Charlie Coyle in Bruins zone.
15:42 of 3rd period - Icing by Erik Haula.
15:43 of 3rd period - Charlie Coyle wins face-off versus Sam Bennett in Lightning zone.
16:10 of 3rd period - Shot by Sam Bennett.
16:10 of 3rd period - Stopped by Jake Oettinger without a rebound.
16:11 of 3rd period - William Karlsson wins face-off versus Trevor Zegras in Bruins zone.
16:18 of 3rd period - Shot by Brock Nelson.
16:18 of 3rd period - Stopped by Jake Oettinger without a rebound.
16:19 of 3rd period - Patrice Bergeron wins face-off versus Trevor Zegras in Bruins zone.
16:19 of 3rd period - Patrice Bergeron is hit by T.J. Brodie.
16:43 of 3rd period - Brandon Saad is hit by Patrice Bergeron and loses puck.
17:02 of 3rd period - Patrice Bergeron is hit by Tom Wilson and loses puck.
17:51 of 3rd period - Tyler Toffoli is hit by Charlie Coyle and loses puck.
18:03 of 3rd period - Icing by Andrew Peeke.
18:04 of 3rd period - Patrice Bergeron wins face-off versus Nicolas Roy in Lightning zone.
18:45 of 3rd period - Shot by William Karlsson.
18:45 of 3rd period - Shot Blocked by Dmitry Kulikov.
18:47 of 3rd period - Shot by Brandon Montour.
18:47 of 3rd period - Stopped by Jake Oettinger without a rebound.
18:48 of 3rd period - Trevor Zegras wins face-off versus Sam Bennett in Bruins zone.
18:48 of 3rd period - Tom Wilson is hit by Sam Bennett and loses puck.
19:11 of 3rd period - Minor Penalty to Ben Chiarot for Tripping.
19:12 of 3rd period - Teddy Blueger wins face-off versus Trevor Zegras in Lightning zone.
19:27 of 3rd period - Shot by Brady Skjei.
19:27 of 3rd period - Shot Misses the Net.
19:29 of 3rd period - Shot by Brady Skjei.
19:29 of 3rd period - Deflect By Trevor Zegras.
19:29 of 3rd period - Shot Misses the Net.
19:47 of 3rd period - Shot by Trevor Zegras.
19:47 of 3rd period - Deflect By Bryan Rust.
19:47 of 3rd period - Goal by Bryan Rust - Lightning : 0 - Bruins : 5.
19:48 of 3rd period - Sam Bennett wins face-off versus Nicolas Roy in neutral zone.
19:53 of 3rd period - Off-side.
19:54 of 3rd period - Sam Bennett wins face-off versus Nicolas Roy in neutral zone.
19:57 of 3rd period - Shot by Erik Haula.
19:57 of 3rd period - Shot Misses the Net.
Goals for this period are 0 for Lightning vs 2 for Bruins.
Shots for this period are 4 for Lightning vs 7 for Bruins.